 Dungeon Crawl Stone Soup version 0.22-a0-271-gc000056 (webtiles) character file.

35504 tidbits the Martial Artist (level 13, 0/100 HPs)
             Began as a Gnoll Transmuter on Mar 11, 2018.
             Was a High Priest of Cheibriados.
             Slain by an ettin
             ... wielding a cursed -1 dire flail
              (19 damage)
             ... on level 2 of the Orcish Mines.
             The game lasted 01:02:34 (5103 turns).

tidbits the Martial Artist (Gnoll Transmuter)       Turns: 5103, Time: 01:02:35

Health: 0/100      AC: 11    Str: 26    XL:     13   Next: 84%
Magic:  2/26       EV: 21    Int: 33    God:    Cheibriados [*****.]
Gold:   678        SH:  0    Dex: 26    Spells: 11/31 levels left

rFire    . . .     SeeInvis .     - Unarmed
rCold    . . .     Gourm    .   (shield currently unavailable)
rNeg     . . .     Faith    .   B - +1 ring mail of the Everdark {rPois Regen+ Dex-3}
rPois    +         Spirit   .   (no helmet)
rElec    .         Reflect  .   C - +1 cloak
rCorr    .         Harm     .   (gloves currently unavailable)
MR       .....                  F - +0 pair of boots
Stlth    ++++......             t - amulet of regeneration
HPRegen  1.06/turn              L - ring of wizardry
MPRegen  0.20/turn              W - ring of wizardry

@: blade hands, very slow
A: distributed training, fangs 1, strong nose
a: End Transformation, Bend Time, Temporal Distortion, Slouch, Step From Time,
Renounce Religion


You were on level 2 of the Orcish Mines.
You worshipped Cheibriados.
Cheibriados was extremely pleased with you.
You were hungry.
You had blades for hands.
You visited 3 branches of the dungeon, and saw 18 of its levels.
You also visited: Ossuary.

You collected 1136 gold pieces.
You spent 458 gold pieces at shops.

Inventory:

Hand Weapons
 b - a +0 shortbow of velocity
   (You took it off a centaur on level 15 of the Dungeon)
 g - a +0 dagger
 K - a +3 whip of electrocution (melded)
   (You took it off a kobold on level 7 of the Dungeon)
Missiles
 a - 342 arrows
 e - 56 stones
 n - a throwing net {!f}
 J - 69 bolts
 O - 2 javelins
 P - 14 tomahawks (quivered)
Armour
 j - a +2 scale mail of fire resistance
   (You took it off Duvessa on level 5 of the Dungeon)
 l - a +0 troll leather armour
 m - a +2 robe of resistance
   (You took it off Dowan on level 5 of the Dungeon)
 q - a +0 ring mail
 x - a +2 robe of resistance
   (You took it off Jessica on level 2 of the Dungeon)
 y - the +4 ring mail of Sunlight {*Slow rElec SInv}
   (You found it on level 6 of the Dungeon)

   It insulates you from electricity.
   It lets you see invisible.
   It may slow you when you take damage.
 B - the +1 ring mail of the Everdark (worn) {rPois Regen+ Dex-3}
   (You found it on level 4 of the Dungeon)

   It affects your dexterity (-3).
   It protects you from poison.
   It increases your rate of regeneration.
 C - a +1 cloak (worn)
 D - the cursed +0 buckler of the Untouchables (melded) {+Inv rC++ Regen+ Int-4}
   (You bought it in a shop on level 14 of the Dungeon)

   It affects your intelligence (-4).
   It greatly protects you from cold.
   It lets you turn invisible.
   It increases your rate of regeneration.
   It has a curse placed upon it.
 E - a +0 shield
 F - a +0 pair of boots (worn)
 G - a +0 pair of gloves (melded)
 M - a +0 leather armour of cold resistance
   (You found it on level 7 of the Dungeon)
 N - a +3 leather armour of magic resistance
   (You took it off Eustachio on level 6 of the Dungeon)
 Q - a +1 robe of cold resistance
   (You took it off an orc wizard on level 5 of the Dungeon)
Magical Staves
 d - an uncursed staff of air
   (You found it on level 12 of the Dungeon)
 w - an uncursed staff of cold {unknown}
   (You found it on level 7 of the Dungeon)
Jewellery
 f - an uncursed ring of ice
   (You found it on level 5 of the Dungeon)
 k - an uncursed ring of magical power
   (You found it on level 1 of the Dungeon)
 t - an amulet of regeneration (around neck)
   (You found it on level 10 of the Dungeon)
 u - an uncursed ring of teleportation
   (You found it on level 3 of the Dungeon)
 L - a ring of wizardry (left scythe-like blade)
   (You took it off a centaur on level 7 of the Dungeon)
 W - a ring of wizardry (right scythe-like blade)
   (You found it on level 2 of the Dungeon)
Scrolls
 i - 7 scrolls of teleportation
 r - 12 scrolls of remove curse
 s - 5 scrolls of amnesia
 v - 2 scrolls of enchant weapon
 A - a scroll of magic mapping {unknown}
 H - a scroll of torment
 R - a scroll of fog
 S - a scroll of brand weapon {unknown}
 V - a scroll of random uselessness {unknown}
 Y - a scroll of fear
Potions
 h - a potion of might
 p - 6 potions of curing
 T - 2 potions of lignification
 U - 2 potions of degeneration
 X - a potion of flight
Comestibles
 c - 11 rations


   Skills:
 + Level 8.9 Fighting
 + Level 8.5 Short Blades
 + Level 8.5 Long Blades
 + Level 8.5 Axes
 + Level 8.5 Maces & Flails
 + Level 8.5 Polearms
 + Level 8.5 Staves
 + Level 8.5 Slings
 + Level 8.5 Bows
 + Level 8.5 Crossbows
 + Level 8.5 Throwing
 + Level 8.5 Armour
 + Level 9.7 Dodging
 + Level 8.5 Stealth
 + Level 8.5 Shields
 + Level 10.6 Unarmed Combat
 + Level 9.9 Spellcasting
 + Level 7.1 Conjurations
 + Level 7.1 Hexes
 + Level 7.1 Charms
 + Level 7.1 Summonings
 + Level 7.1 Necromancy
 + Level 7.1 Translocations
 + Level 8.1 Transmutations
 + Level 7.1 Fire Magic
 + Level 7.1 Ice Magic
 + Level 7.1 Air Magic
 + Level 7.1 Earth Magic
 + Level 7.1 Poison Magic
 + Level 9.3 Invocations
 + Level 8.5 Evocations


You had 11 spell levels left.
You knew the following spells:

 Your Spells              Type           Power        Failure   Level  Hunger
b - Blink                 Tloc           N/A          2%          2    None
e - Beastly Appendage     Tmut           ######       2%          1    None
h - Blade Hands           Tmut           ######....   8%          5    ###....
k - Sticks to Snakes      Tmut           ######..     2%          2    None
p - Spider Form           Tmut/Pois      ######....   3%          3    None
r - Regeneration          Chrm/Necr      ######....   3%          3    None
L - Summon Lightning Spi  Summ/Air       ######..     6%          4    None


Dungeon Overview and Level Annotations

Branches:
Dungeon (15/15)            Temple (1/1) D:5            Lair (0/6) D:10
    Orc (2/2) D:10            Elf (0/3) Orc:2        Vaults (0/5) D:13
 Depths (0/5) D:15

Altars:
Ashenzari
Cheibriados
Dithmenos
Elyvilon
Fedhas
Gozag
Hepliaklqana
Kikubaaqudgha
Makhleb
Nemelex Xobeh
Okawaru
Ru
Sif Muna
Trog
Uskayaw
Vehumet
Wu Jian
Xom
Zin
The Shining One

Shops:
D:4 *=*   D:14 [


Innate Abilities, Weirdness & Mutations

Your experience applies equally to all skills.
You have very sharp teeth.
Your uncanny sense of smell can sniff out nearby items.


Message History

g - Guard the area. f - Follow me.
Anything else - Cancel.
Gang up on whom?
Press: ? - help, Dir - move target cursor, f - Rupert
Aim: Rupert, wielding a battleaxe of chopping and wearing a runed leather armour Attack!
Rupert roars madly and goes into a rage!
Rupert goes berserk!
The ettin hits your adder with a dire flail!!
Your adder dies!
Unknown command.
You aren't carrying any items that you can evoke without wielding.
Unknown command.
Okay, then.
Okay, then.
Okay, then.
Unknown command.
Casting: Sticks to Snakes (safe; 1% risk of failure)
Confirm with . or Enter, or press ? or * to list all spells.
You create 3 snakes!
You now have 342 arrows.
Rupert misses your adder.
Your adder closely misses Rupert.
The ettin hits your adder with a dire flail!!!
Your adder dies!
Your lightning spire shoots out a bolt of lightning at Rupert!
The bolt of electricity hits your adder.
Your adder dies!
The bolt of electricity hits your adder.
Your adder dies!
The bolt of electricity hits Rupert.
Cheibriados appreciates the change of pace.
You feel a bit more experienced.
Unknown command.
What are your orders? t - Bark!
Orders for allies: a - Attack new target. p - Attack previous target. r - Retreat! s - Stop attacking. g - Guard the area. f - Follow me.
Anything else - Cancel.
Gang up on whom?
Press: ? - help, Dir - move target cursor, f/p - Rupert
Aim: Rupert, wielding a battleaxe of chopping and wearing a runed leather armour (lightly wounded, berserk, fast, unusually strong) Attack!
You hear a howl!
Unknown command.
Casting: Sticks to Snakes (safe; 1% risk of failure)
Confirm with . or Enter, or press ? or * to list all spells.
Your hands turn into razor-sharp scythe blades.
Your +3 whip of electrocution melds into your body.
Your +0 pair of gloves melds into your body.
The cursed +0 buckler of the Untouchables {+Inv rC++ Regen+ Int-4} melds into your body.
Your +3 whip of electrocution stops crackling.
You are feeling hungry.
Your adder bites Rupert.
Rupert is poisoned.
Your adder poisons Rupert!
Rupert hits your lightning spire with a battleaxe of chopping!!!
Your lightning spire is destroyed!
Rupert hits your adder with a battleaxe of chopping!
Your adder dies!
Rupert hits you with a battleaxe of chopping!
Rupert closely misses your adder.
Your adder bites Rupert.
Your water moccasin bites Rupert.
You hear a shout!
An orc knight comes into view. It is wielding an enchanted battleaxe.
Really harm your adder and water moccasin?
Okay, then.
You slice Rupert!!
Rupert is moderately wounded.
Rupert closely misses you.
Rupert hits your water moccasin with a battleaxe of chopping!!
Rupert hits your adder with a battleaxe of chopping!!
Your adder dies!
The orc knight roars a battlecry!
The orc goes into a battle-frenzy!
Your water moccasin bites Rupert!
Unknown command.
Really harm your water moccasin?
You can feel time thicken for a moment.
You kill your water moccasin!
You kill the orc!
Cheibriados appreciates the change of pace.
You feel somewhat more hungry.
Cheibriados lowers the support of your attributes as your movement quickens.
Rupert closely misses you. The ettin misses you. The ettin barely misses you.
Unknown command.
You can feel time thicken for a moment.
You feel somewhat more hungry.
Cheibriados lowers the support of your attributes as your movement quickens.
Rupert barely misses you. The ettin hits you with a dire flail!!
The ettin hits you with a great mace!
There are monsters nearby!
Unknown command.
You don't have enough magic at the moment.
You slice Rupert!!
Rupert is almost dead.
Rupert hits you with a battleaxe of chopping.
A warg comes into view.
You shred Rupert!!!
You kill Rupert!
Cheibriados thoroughly appreciates the change of pace.
The ettin hits you with a dire flail!!
* * * LOW HITPOINT WARNING * * *
The ettin hits you with a great mace!!
You die...

...o......### ##....###.[<
.........### #####..).(.[)
#.......(..##.##.....)....
...C.oC.(.............)..[
.....o.∆......#...........
.....o.∆h(.<.#....#.......
...$#####o........#..##...
.### #C).......########
#@..<...... #. ##.....####
#. #.....# #.. .#.....#
##. ......## ## ∆ .#### ##


You could see an orc knight, an ettin and a warg.

Vanquished Creatures
  Rupert (Orc:2)
  The ghost of varam the Grappler, a journeyman TrMo of Okawaru (Orc:1)
  2 stone giants
  Erolcha (D:9)
  A centaur warrior (D:15)
  An ogre mage (D:15)
  2 dancing weapons (D:13)
  5 two-headed ogres
  3 tengu warriors
  An orc high priest (Orc:2)
  A deep elf archer (D:15)
  A harpy (shapeshifter) (D:15)
  15 ugly things
  2 cyclopes (D:15)
  3 manticores
  A centaur zombie (D:13)
  Psyche (D:11)
  An elephant (D:10)
  A gargoyle (D:12)
  A komodo dragon (D:15)
  A tengu conjurer (D:12)
  4 trolls
  2 hippogriffs
  3 slime creatures (D:14)
  A shadow (D:11)
  A water elemental (D:14)
  A wraith (D:15)
  5 yaks (D:12)
  A basilisk (D:10)
  5 hungry ghosts
  Eustachio (D:6)
  2 vampire mosquitoes (D:12)
  The ghost of Tovarisch the Magician, an amateur DEFE (D:4)
  Duvessa (D:5)
  4 sky beasts
  2 water moccasins
  An ice beast (D:11)
  16 orc warriors
  A black bear (D:12)
  7 ogres
  A phantom (D:13)
  A necrophage (D:9)
  9 centaurs
  A crocodile (D:10)
  A big kobold (D:7)
  6 bullfrogs
  Dowan (D:5)
  3 scorpions
  4 killer bees (D:7)
  5 wights (D:12)
  2 howler monkeys (D:6)
  5 crimson imps
  2 bullfrog zombies
  6 hounds
  12 orc priests
  A jelly (D:6)
  16 orc wizards
  2 centaur skeletons
  Jessica (D:2)
  2 iguanas
  A worker ant (D:5)
  2 big kobold zombies (Ossuary)
  2 mummies (Ossuary)
  10 gnolls
  A howler monkey skeleton (D:7)
  6 adders
  3 shadow imps
  An ooze (D:3)
  An adder zombie (Ossuary)
  A worm (D:2)
  5 leopard geckos
  66 orcs
  5 bats
  5 giant cockroaches
  8 goblins
  8 hobgoblins
  12 jackals
  A quokka (D:7)
  2 ball pythons
  8 frilled lizards
  5 hobgoblin zombies (Ossuary)
  7 kobolds
  10 kobold zombies (Ossuary)
  A leopard gecko zombie (D:7)
  7 orc zombies (Ossuary)
  2 rats
  2 rat zombies (Ossuary)
368 creatures vanquished.

Vanquished Creatures (collateral kills)
  An ettin (D:15)
  2 ugly things
  A cyclops (D:15)
  A warg (Orc:1)
  4 orc warriors
  4 centaurs
  6 wights
  A crimson imp (D:13)
  4 orc wizards
  3 orc priests
  An adder (D:2)
  A leopard gecko (D:4)
  9 orcs
  A goblin (D:1)
  A jackal (D:3)
  A bat (Orc:2)
  A hobgoblin zombie (Ossuary)
  2 kobold zombies (Ossuary)
  An orc zombie (Ossuary)
45 creatures vanquished.

Vanquished Creatures (others)
  An orc (D:9)
1 creature vanquished.

Grand Total: 414 creatures vanquished

Notes
Turn   | Place    | Note
-------+----------+-------------------------------------------
     0 | D:1      | tidbits the Gnoll Transmuter began the quest for the Orb.
     0 | D:1      | Reached XP level 1. HP: 17/17 MP: 6/6
    90 | D:1      | Found a burning altar of Makhleb.
   105 | D:1      | Reached XP level 2. HP: 23/23 MP: 5/7
   112 | D:1      | Learned a level 2 spell: Sticks to Snakes
   246 | D:2      | Reached XP level 3. HP: 14/28 MP: 9/9
   261 | D:2      | Noticed Jessica
   271 | D:2      | Killed Jessica
   271 | D:2      | Reached skill level 5 in Spellcasting
   271 | D:2      | Reached skill level 1 in Invocations
   306 | D:1      | Learned a level 3 spell: Spider Form
   319 | D:2      | Reached skill level 1 in Short Blades
   319 | D:2      | Reached skill level 1 in Long Blades
   319 | D:2      | Reached skill level 1 in Axes
   319 | D:2      | Reached skill level 1 in Maces & Flails
   319 | D:2      | Reached skill level 1 in Polearms
   319 | D:2      | Reached skill level 1 in Staves
   319 | D:2      | Reached skill level 1 in Slings
   319 | D:2      | Reached skill level 1 in Bows
   319 | D:2      | Reached skill level 1 in Crossbows
   319 | D:2      | Reached skill level 1 in Throwing
   319 | D:2      | Reached skill level 1 in Armour
   319 | D:2      | Reached skill level 1 in Stealth
   319 | D:2      | Reached skill level 1 in Shields
   319 | D:2      | Reached skill level 1 in Evocations
   398 | D:3      | Reached XP level 4. HP: 25/34 MP: 11/11
   527 | D:4      | Found Fitzecw's General Store.
   611 | D:4      | Reached skill level 1 in Conjurations
   611 | D:4      | Reached skill level 1 in Hexes
   611 | D:4      | Reached skill level 1 in Charms
   611 | D:4      | Reached skill level 1 in Summonings
   611 | D:4      | Reached skill level 1 in Necromancy
   611 | D:4      | Reached skill level 1 in Translocations
   611 | D:4      | Reached skill level 1 in Fire Magic
   611 | D:4      | Reached skill level 1 in Ice Magic
   611 | D:4      | Reached skill level 1 in Air Magic
   611 | D:4      | Reached skill level 1 in Earth Magic
   611 | D:4      | Reached skill level 1 in Poison Magic
   618 | D:4      | Bought a scroll of remove curse for 39 gold pieces
   618 | D:4      | Bought a potion of curing for 39 gold pieces
   859 | D:2      | Reached XP level 5. HP: 36/40 MP: 12/12
   873 | D:3      | Learned a level 5 spell: Blade Hands
   882 | D:3      | Found a faded altar of an unknown god.
   934 | D:4      | Noticed Tovarisch's ghost (amateur DEFE)
   937 | D:4      | Killed Tovarisch's ghost
   937 | D:4      | Reached skill level 3 in Fighting
   937 | D:4      | Reached skill level 4 in Transmutations
   937 | D:4      | Reached XP level 6. HP: 47/47 MP: 13/13
   951 | D:4      | Found Arrum's Jewellery Boutique.
   961 | D:4      | Got a twisted ring mail
   972 | D:4      | Identified the +1 ring mail of the Everdark {rPois Regen+ Dex-3} (You found it on level 4 of the Dungeon)
   979 | D:4      | Learned a level 4 spell: Summon Lightning Spire
  1033 | D:5      | Entered Level 5 of the Dungeon
  1041 | D:5      | Reached skill level 5 in Dodging
  1041 | D:5      | Reached skill level 2 in Invocations
  1053 | D:5      | Reached skill level 2 in Short Blades
  1053 | D:5      | Reached skill level 2 in Long Blades
  1053 | D:5      | Reached skill level 2 in Axes
  1053 | D:5      | Reached skill level 2 in Maces & Flails
  1053 | D:5      | Reached skill level 2 in Polearms
  1053 | D:5      | Reached skill level 2 in Staves
  1053 | D:5      | Reached skill level 2 in Slings
  1053 | D:5      | Reached skill level 2 in Bows
  1053 | D:5      | Reached skill level 2 in Crossbows
  1053 | D:5      | Reached skill level 2 in Throwing
  1053 | D:5      | Reached skill level 2 in Armour
  1053 | D:5      | Reached skill level 2 in Stealth
  1053 | D:5      | Reached skill level 2 in Shields
  1053 | D:5      | Reached skill level 2 in Evocations
  1104 | D:5      | Found a white marble altar of Elyvilon.
  1150 | D:4      | Found Desuts's General Store.
  1164 | D:4      | Bought a scroll of teleportation for 36 gold pieces
  1189 | D:4      | Reached XP level 7. HP: 52/52 MP: 15/15
  1305 | D:5      | Reached skill level 7 in Unarmed Combat
  1333 | D:5      | Reached skill level 2 in Conjurations
  1333 | D:5      | Reached skill level 2 in Hexes
  1333 | D:5      | Reached skill level 2 in Charms
  1333 | D:5      | Reached skill level 2 in Summonings
  1333 | D:5      | Reached skill level 2 in Necromancy
  1333 | D:5      | Reached skill level 2 in Translocations
  1333 | D:5      | Reached skill level 2 in Fire Magic
  1333 | D:5      | Reached skill level 2 in Ice Magic
  1333 | D:5      | Reached skill level 2 in Air Magic
  1333 | D:5      | Reached skill level 2 in Earth Magic
  1333 | D:5      | Reached skill level 2 in Poison Magic
  1359 | D:6      | Got a faintly humming ring mail
  1395 | D:8      | Found a radiant altar of Vehumet.
  1395 | D:8      | Found a blossoming altar of Fedhas.
  1407 | D:8      | Reached skill level 3 in Invocations
  1437 | D:7      | Reached XP level 8. HP: 51/60 MP: 16/16
  1523 | D:6      | Identified the +4 ring mail of Sunlight {*Slow rElec SInv} (You found it on level 6 of the Dungeon)
  1528 | D:7      | Found a sand-covered staircase.
  1547 | Ossuary  | Entered an ossuary
  1655 | Ossuary  | Reached skill level 4 in Fighting
  1659 | Ossuary  | Reached skill level 3 in Short Blades
  1659 | Ossuary  | Reached skill level 3 in Long Blades
  1659 | Ossuary  | Reached skill level 3 in Axes
  1659 | Ossuary  | Reached skill level 3 in Maces & Flails
  1659 | Ossuary  | Reached skill level 3 in Polearms
  1659 | Ossuary  | Reached skill level 3 in Staves
  1659 | Ossuary  | Reached skill level 3 in Slings
  1659 | Ossuary  | Reached skill level 3 in Bows
  1659 | Ossuary  | Reached skill level 3 in Crossbows
  1659 | Ossuary  | Reached skill level 3 in Throwing
  1659 | Ossuary  | Reached skill level 3 in Armour
  1659 | Ossuary  | Reached skill level 3 in Stealth
  1659 | Ossuary  | Reached skill level 3 in Shields
  1659 | Ossuary  | Reached skill level 3 in Evocations
  1785 | D:7      | Reached skill level 6 in Spellcasting
  1862 | D:7      | Found an ornate altar of the Wu Jian Council.
  1975 | D:6      | Reached skill level 4 in Invocations
  1976 | D:6      | Reached skill level 3 in Conjurations
  1976 | D:6      | Reached skill level 3 in Hexes
  1976 | D:6      | Reached skill level 3 in Charms
  1976 | D:6      | Reached skill level 3 in Summonings
  1976 | D:6      | Reached skill level 3 in Necromancy
  1976 | D:6      | Reached skill level 3 in Translocations
  1976 | D:6      | Reached skill level 3 in Fire Magic
  1976 | D:6      | Reached skill level 3 in Ice Magic
  1976 | D:6      | Reached skill level 3 in Air Magic
  1976 | D:6      | Reached skill level 3 in Earth Magic
  1976 | D:6      | Reached skill level 3 in Poison Magic
  1978 | D:6      | Noticed Eustachio
  2000 | D:6      | Killed Eustachio
  2000 | D:6      | Reached skill level 6 in Dodging
  2000 | D:6      | Reached skill level 5 in Transmutations
  2000 | D:6      | Reached XP level 9. HP: 63/66 MP: 14/18
  2211 | D:6      | Found a shadowy altar of Dithmenos.
  2231 | D:6      | Found a shattered altar of Ashenzari.
  2231 | D:6      | Found a shimmering altar of Xom.
  2292 | D:6      | Reached skill level 4 in Short Blades
  2292 | D:6      | Reached skill level 4 in Long Blades
  2292 | D:6      | Reached skill level 4 in Axes
  2292 | D:6      | Reached skill level 4 in Maces & Flails
  2292 | D:6      | Reached skill level 4 in Polearms
  2292 | D:6      | Reached skill level 4 in Staves
  2292 | D:6      | Reached skill level 4 in Slings
  2292 | D:6      | Reached skill level 4 in Bows
  2292 | D:6      | Reached skill level 4 in Crossbows
  2292 | D:6      | Reached skill level 4 in Throwing
  2292 | D:6      | Reached skill level 4 in Armour
  2292 | D:6      | Reached skill level 4 in Stealth
  2292 | D:6      | Reached skill level 4 in Shields
  2292 | D:6      | Reached skill level 4 in Evocations
  2403 | D:5      | Noticed Duvessa
  2405 | D:5      | Noticed Dowan
  2416 | D:5      | Killed Duvessa
  2423 | D:5      | Killed Dowan
  2544 | D:5      | Learned a level 2 spell: Blink
  2546 | D:5      | Found a staircase to the Ecumenical Temple.
  2600 | Temple   | Entered the Ecumenical Temple
  2609 | Temple   | Became a worshipper of Cheibriados the Contemplative
  2641 | D:5      | You fall through a shaft for 3 floors!
  2709 | D:8      | Reached skill level 5 in Fighting
  2849 | D:9      | Noticed a two-headed ogre
  2868 | D:10     | Entered Level 10 of the Dungeon
  2874 | D:10     | Identified a scroll of acquirement
  2883 | D:10     | Reached skill level 8 in Unarmed Combat
  2903 | D:10     | Noticed an elephant
  2947 | D:8      | Reached skill level 5 in Invocations
  2955 | D:8      | Reached * piety under Cheibriados
  3029 | D:9      | Noticed Erolcha
  3035 | D:9      | Killed Erolcha
  3035 | D:9      | Reached skill level 7 in Spellcasting
  3035 | D:9      | Reached skill level 4 in Conjurations
  3035 | D:9      | Reached skill level 4 in Hexes
  3035 | D:9      | Reached skill level 4 in Charms
  3035 | D:9      | Reached skill level 4 in Summonings
  3035 | D:9      | Reached skill level 4 in Necromancy
  3035 | D:9      | Reached skill level 4 in Translocations
  3035 | D:9      | Reached skill level 4 in Fire Magic
  3035 | D:9      | Reached skill level 4 in Ice Magic
  3035 | D:9      | Reached skill level 4 in Air Magic
  3035 | D:9      | Reached skill level 4 in Earth Magic
  3035 | D:9      | Reached skill level 4 in Poison Magic
  3035 | D:9      | Reached XP level 10. HP: 66/75 MP: 9/20
  3060 | D:9      | Reached skill level 5 in Short Blades
  3060 | D:9      | Reached skill level 5 in Long Blades
  3060 | D:9      | Reached skill level 5 in Axes
  3060 | D:9      | Reached skill level 5 in Maces & Flails
  3060 | D:9      | Reached skill level 5 in Polearms
  3060 | D:9      | Reached skill level 5 in Staves
  3060 | D:9      | Reached skill level 5 in Slings
  3060 | D:9      | Reached skill level 5 in Bows
  3060 | D:9      | Reached skill level 5 in Crossbows
  3060 | D:9      | Reached skill level 5 in Throwing
  3060 | D:9      | Reached skill level 5 in Armour
  3060 | D:9      | Reached skill level 5 in Stealth
  3060 | D:9      | Reached skill level 5 in Shields
  3060 | D:9      | Reached skill level 5 in Evocations
  3128 | D:10     | Killed an elephant
  3139 | D:10     | Reached skill level 7 in Dodging
  3153 | D:10     | Reached ** piety under Cheibriados
  3170 | D:10     | Found a staircase to the Lair.
  3209 | D:10     | Identified Loideh's Grimoire of Flying Calling (You acquired it on level 10 of the Dungeon)
  3222 | D:10     | Noticed a two-headed ogre
  3237 | D:10     | Reached skill level 6 in Fighting
  3247 | D:10     | Killed a two-headed ogre
  3247 | D:10     | Reached skill level 6 in Transmutations
  3247 | D:10     | Reached skill level 6 in Invocations
  3300 | D:10     | Found a staircase to the Orcish Mines.
  3341 | D:11     | Noticed Psyche
  3349 | D:11     | Killed Psyche
  3349 | D:11     | Reached XP level 11. HP: 70/82 MP: 12/22
  3378 | D:11     | Reached *** piety under Cheibriados
  3523 | D:12     | Noticed a cyan ugly thing
  3526 | D:12     | Noticed a tengu warrior
  3530 | D:12     | Killed a cyan ugly thing
  3535 | D:12     | Killed a tengu warrior
  3535 | D:12     | Reached skill level 6 in Short Blades
  3535 | D:12     | Reached skill level 6 in Long Blades
  3535 | D:12     | Reached skill level 6 in Axes
  3535 | D:12     | Reached skill level 6 in Maces & Flails
  3535 | D:12     | Reached skill level 6 in Polearms
  3535 | D:12     | Reached skill level 6 in Staves
  3535 | D:12     | Reached skill level 6 in Slings
  3535 | D:12     | Reached skill level 6 in Bows
  3535 | D:12     | Reached skill level 6 in Crossbows
  3535 | D:12     | Reached skill level 6 in Throwing
  3535 | D:12     | Reached skill level 6 in Armour
  3535 | D:12     | Reached skill level 6 in Stealth
  3535 | D:12     | Reached skill level 6 in Shields
  3535 | D:12     | Reached skill level 9 in Unarmed Combat
  3535 | D:12     | Reached skill level 5 in Conjurations
  3535 | D:12     | Reached skill level 5 in Hexes
  3535 | D:12     | Reached skill level 5 in Charms
  3535 | D:12     | Reached skill level 5 in Summonings
  3535 | D:12     | Reached skill level 5 in Necromancy
  3535 | D:12     | Reached skill level 5 in Translocations
  3535 | D:12     | Reached skill level 5 in Fire Magic
  3535 | D:12     | Reached skill level 5 in Ice Magic
  3535 | D:12     | Reached skill level 5 in Air Magic
  3535 | D:12     | Reached skill level 5 in Earth Magic
  3535 | D:12     | Reached skill level 5 in Poison Magic
  3535 | D:12     | Reached skill level 6 in Evocations
  3537 | D:12     | Noticed a two-headed ogre
  3543 | D:12     | Killed a two-headed ogre
  3543 | D:12     | Reached skill level 8 in Spellcasting
  3549 | D:12     | Noticed a manticore
  3553 | D:12     | Killed a manticore
  3624 | D:13     | Noticed a manticore
  3628 | D:13     | Killed a manticore
  3661 | D:14     | Noticed a centaur warrior
  3663 | D:14     | Noticed a red ugly thing
  3680 | D:13     | Noticed an enchanted long sword
  3684 | D:13     | Noticed an enchanted long sword
  3691 | D:13     | Killed an enchanted long sword
  3691 | D:13     | Reached skill level 7 in Fighting
  3691 | D:13     | Reached skill level 8 in Dodging
  3691 | D:13     | Reached skill level 7 in Invocations
  3694 | D:13     | Killed an enchanted long sword
  3698 | D:13     | Reached **** piety under Cheibriados
  3699 | D:13     | Noticed a tengu warrior
  3705 | D:13     | Killed a tengu warrior
  3718 | D:13     | Found a gate to the Vaults.
  3751 | D:14     | Noticed a purple ugly thing
  3751 | D:14     | Noticed a purple ugly thing
  3751 | D:14     | Noticed a purple ugly thing
  3753 | D:14     | Noticed a purple ugly thing
  3754 | D:14     | Noticed a purple ugly thing
  3755 | D:14     | Noticed a purple ugly thing
  3756 | D:14     | Killed a purple ugly thing
  3757 | D:14     | Killed a purple ugly thing
  3764 | D:14     | Killed a purple ugly thing
  3764 | D:14     | Reached XP level 12. HP: 68/91 MP: 8/24
  3790 | D:14     | Identified the Handbook of the Evil Snowflakes (You acquired it on level 14 of the Dungeon)
  3796 | D:14     | Learned a level 3 spell: Regeneration
  3826 | D:14     | Reached skill level 7 in Transmutations
  3835 | D:14     | Found Hiereer's Armour Shoppe.
  3847 | D:14     | Reached skill level 7 in Short Blades
  3847 | D:14     | Reached skill level 7 in Long Blades
  3847 | D:14     | Reached skill level 7 in Axes
  3847 | D:14     | Reached skill level 7 in Maces & Flails
  3847 | D:14     | Reached skill level 7 in Polearms
  3847 | D:14     | Reached skill level 7 in Staves
  3847 | D:14     | Reached skill level 7 in Slings
  3847 | D:14     | Reached skill level 7 in Bows
  3847 | D:14     | Reached skill level 7 in Crossbows
  3847 | D:14     | Reached skill level 7 in Throwing
  3847 | D:14     | Reached skill level 7 in Armour
  3847 | D:14     | Reached skill level 7 in Stealth
  3847 | D:14     | Reached skill level 7 in Shields
  3847 | D:14     | Reached skill level 7 in Evocations
  3884 | D:14     | Bought the cursed +0 buckler of the Untouchables {+Inv rC++ Regen+ Int-4} for 344 gold pieces
  3947 | D:15     | Entered Level 15 of the Dungeon
  3959 | D:15     | Reached skill level 6 in Conjurations
  3959 | D:15     | Reached skill level 6 in Hexes
  3959 | D:15     | Reached skill level 6 in Charms
  3959 | D:15     | Reached skill level 6 in Summonings
  3959 | D:15     | Reached skill level 6 in Necromancy
  3959 | D:15     | Reached skill level 6 in Translocations
  3959 | D:15     | Reached skill level 6 in Fire Magic
  3959 | D:15     | Reached skill level 6 in Ice Magic
  3959 | D:15     | Reached skill level 6 in Air Magic
  3959 | D:15     | Reached skill level 6 in Earth Magic
  3959 | D:15     | Reached skill level 6 in Poison Magic
  4007 | D:15     | Noticed a centaur warrior
  4015 | D:15     | Killed a centaur warrior
  4019 | D:15     | Reached skill level 8 in Invocations
  4028 | D:15     | Reached ***** piety under Cheibriados
  4106 | D:15     | Reached skill level 9 in Spellcasting
  4130 | D:15     | Noticed a two-headed ogre
  4134 | D:15     | Noticed an ogre mage
  4140 | D:15     | Reached skill level 8 in Fighting
  4140 | D:15     | Reached skill level 10 in Unarmed Combat
  4143 | D:15     | Killed a two-headed ogre
  4150 | D:15     | Killed an ogre mage
  4150 | D:15     | Reached skill level 9 in Dodging
  4151 | D:15     | Noticed an ettin
  4157 | D:15     | Killed an ettin
  4157 | D:15     | Reached XP level 13. HP: 98/98 MP: 4/26
  4188 | D:15     | Found a staircase to the Depths.
  4416 | D:12     | Reached skill level 8 in Short Blades
  4416 | D:12     | Reached skill level 8 in Long Blades
  4416 | D:12     | Reached skill level 8 in Axes
  4416 | D:12     | Reached skill level 8 in Maces & Flails
  4416 | D:12     | Reached skill level 8 in Polearms
  4416 | D:12     | Reached skill level 8 in Staves
  4416 | D:12     | Reached skill level 8 in Slings
  4416 | D:12     | Reached skill level 8 in Bows
  4416 | D:12     | Reached skill level 8 in Crossbows
  4416 | D:12     | Reached skill level 8 in Throwing
  4416 | D:12     | Reached skill level 8 in Armour
  4416 | D:12     | Reached skill level 8 in Stealth
  4416 | D:12     | Reached skill level 8 in Shields
  4416 | D:12     | Reached skill level 8 in Evocations
  4673 | Orc:1    | Entered Level 1 of the Orcish Mines
  4685 | Orc:2    | Entered Level 2 of the Orcish Mines
  4769 | Orc:2    | Noticed a stone giant
  4772 | Orc:1    | Reached skill level 9 in Invocations
  4811 | Orc:2    | Killed a stone giant
  4842 | Orc:2    | Found a staircase to the Elven Halls.
  4960 | Orc:2    | Reached ****** piety under Cheibriados
  4985 | Orc:1    | Noticed a stone giant
  5000 | Orc:1    | Killed a stone giant
  5000 | Orc:1    | Reached skill level 8 in Transmutations
  5050 | Orc:1    | Noticed varam's ghost (journeyman TrMo)
  5058 | Orc:1    | Killed varam's ghost
  5058 | Orc:1    | Reached skill level 7 in Conjurations
  5058 | Orc:1    | Reached skill level 7 in Hexes
  5058 | Orc:1    | Reached skill level 7 in Charms
  5058 | Orc:1    | Reached skill level 7 in Summonings
  5058 | Orc:1    | Reached skill level 7 in Necromancy
  5058 | Orc:1    | Reached skill level 7 in Translocations
  5058 | Orc:1    | Reached skill level 7 in Fire Magic
  5058 | Orc:1    | Reached skill level 7 in Ice Magic
  5058 | Orc:1    | Reached skill level 7 in Air Magic
  5058 | Orc:1    | Reached skill level 7 in Earth Magic
  5058 | Orc:1    | Reached skill level 7 in Poison Magic
  5085 | Orc:2    | Noticed Rupert
  5086 | Orc:2    | Noticed an ettin
  5103 | Orc:2    | Killed Rupert
  5103 | Orc:2    | Slain by an ettin

Vault maps used:
D:1:      dpeg_arrival_three_same_balls, minmay_hexomino_r4
D:2:      kennysheep_slug_shrine, uniq_jessica
D:3:      chequers_ecumenical_altar_simple_redux, first_ration,
          uniq_crazy_yiuf_cottage, uniq_natasha
D:4:      serial_shops, nicolae_shop_trees, nicolae_shop_window_shopping,
          shop_statue
D:5:      elyvilon_altar_1, minmay_temple_entry_mist, uniq_duvessa
D:6:      grunt_dithmenos_smoke_and_mirrors, gammafunk_temple_overflow_elements,
          kennysheep_generic_room_10, uniq_eustachio
D:7:      old_standard_altar, nicolae_ossuary_entry_monument
D:8:      grunt_temple_overflow_open, yredelemnul_forgotten_temple_becter,
          special_room, hex_tiny
D:9:      hangedman_pestilent_swarm, uniq_erolcha
D:10:     david_lair_generic, erik_orc_3
D:11:     serial_shops, kennysheep_mini_moat, uniq_psyche
D:12:     kb_tengu_band
D:13:     erik_vaults_1, uniq_frances, uniq_sonja
D:14:     serial_shops, shop, uniq_nessos
D:15:     hangedman_depths_entry_civil_slaughter, minivault_26
Temple:   eino_temple_lava
Orc:1:    serial_shops, shop, minmay_orc_temple_b
Orc:2:    st_orc_rangers, mines_bat_river, uniq_rupert
Ossuary:  ossuary_tomb_1

Skill      XL: |  1  2  3  4  5  6  7  8  9 10 11 12 13 |
---------------+----------------------------------------+-----
Spellcasting   | 5 6 7 8 9 |  9.9
Invocations    | 1 2 3 4 5 6 7 8 9 |  9.3
Short Blades   | 1 2 3 4 5 6 7 8 |  8.5
Long Blades    | 1 2 3 4 5 6 7 8 |  8.5
Axes           | 1 2 3 4 5 6 7 8 |  8.5
Maces & Flails | 1 2 3 4 5 6 7 8 |  8.5
Polearms       | 1 2 3 4 5 6 7 8 |  8.5
Staves         | 1 2 3 4 5 6 7 8 |  8.5
Slings         | 1 2 3 4 5 6 7 8 |  8.5
Bows           | 1 2 3 4 5 6 7 8 |  8.5
Crossbows      | 1 2 3 4 5 6 7 8 |  8.5
Throwing       | 1 2 3 4 5 6 7 8 |  8.5
Armour         | 1 2 3 4 5 6 7 8 |  8.5
Stealth        | 1 2 3 4 5 6 7 8 |  8.5
Shields        | 1 2 3 4 5 6 7 8 |  8.5
Evocations     | 1 2 3 4 5 6 7 8 |  8.5
Conjurations   | 1 2 3 4 5 6 7 |  7.1
Hexes          | 1 2 3 4 5 6 7 |  7.1
Charms         | 1 2 3 4 5 6 7 |  7.1
Summonings     | 1 2 3 4 5 6 7 |  7.1
Necromancy     | 1 2 3 4 5 6 7 |  7.1
Translocations | 1 2 3 4 5 6 7 |  7.1
Fire Magic     | 1 2 3 4 5 6 7 |  7.1
Ice Magic      | 1 2 3 4 5 6 7 |  7.1
Air Magic      | 1 2 3 4 5 6 7 |  7.1
Earth Magic    | 1 2 3 4 5 6 7 |  7.1
Poison Magic   | 1 2 3 4 5 6 7 |  7.1
Fighting       | 3 4 5 6 7 8 |  8.9
Transmutations | 4 5 6 7 8 |  8.1
Dodging        | 5 6 7 8 9 |  9.7
Unarmed Combat | 7 8 9 10 | 10.6

Action                   |  1- 3 |  4- 6 |  7- 9 | 10-12 | 13-15 || total
-------------------------+-------+-------+-------+-------+-------++-------
Melee: Unarmed           |    54 |    91 |   330 |   244 |   141 ||   860
       Headbutt          |     1 |       |    18 |     4 |       ||    23
       Kick              |     6 |       |     4 |       |       ||    10
       Punch             |     1 |       |     3 |    19 |     9 ||    32
       Bite              |       |     1 |    16 |    35 |    20 ||    72
       Dagger            |       |       |       |     5 |       ||     5
       Whip              |       |       |       |     9 |     4 ||    13
Throw: Stone             |       |     1 |     1 |       |       ||     2
       Tomahawk          |       |       |     5 |    18 |     3 ||    26
 Cast: Beastly Appendage |     9 |       |     9 |     2 |       ||    20
       Sticks to Snakes  |     6 |     6 |    22 |    13 |     6 ||    53
       Spider Form       |     3 |    17 |    29 |     1 |       ||    50
       Summon Lightning  |       |       |     2 |    12 |     7 ||    21
       Blade Hands       |       |       |     1 |    30 |    18 ||    49
       Regeneration      |       |       |       |     1 |     4 ||     5
Invok: Bend Time         |       |       |       |     2 |       ||     2
       Slouch            |       |       |       |       |     4 ||     4
 Abil: End Transformatio |       |       |     3 |     7 |     2 ||    12
Evoke: Wand              |       |     2 |     8 |     5 |     1 ||    16
  Use: Potion            |     2 |     1 |     6 |     4 |       ||    13
       Scroll            |       |     8 |     6 |     4 |     2 ||    20
 Stab: Sleeping          |     1 |     1 |     3 |     2 |     1 ||     8
       Distracted        |       |       |     1 |     5 |     6 ||    12
       Invisible         |       |       |       |     5 |       ||     5
  Eat: Chunk             |       |     2 |    10 |     6 |     4 ||    22
       Ration            |       |       |       |     2 |       ||     2
Armor: Robe              |     6 |     1 |       |       |       ||     7
       Skin              |     1 |     3 |     4 |       |       ||     8
       Ring mail         |       |       |    31 |    55 |    27 ||   113
Dodge: Dodged            |    27 |    88 |   220 |   163 |   113 ||   611
Block: Buckler           |       |       |       |       |     7 ||     7

Table legend:
 A = Spawn XP
 B = Non-spawn XP
 C = Spawn XP percentage of total XP
 D = Spawn monster count
 E = Non-spawn monster count
 F = Spawn count percentage of total count
 G = Total turns spent on level
                    A         B        C        D         E        F      G
               +---------+---------+-------+---------+---------+-------+---------
         Total |       0 |   50720 |   0.0 |       0 |     413 |   0.0 |  5103
               +---------+---------+-------+---------+---------+-------+---------
           D:1 |       0 |      27 |   0.0 |       0 |      17 |   0.0 |   243
           D:2 |       0 |      74 |   0.0 |       0 |      15 |   0.0 |   229
           D:3 |       0 |      39 |   0.0 |       0 |      13 |   0.0 |   368
           D:4 |       0 |     233 |   0.0 |       0 |      15 |   0.0 |   313
           D:5 |       0 |     952 |   0.0 |       0 |      20 |   0.0 |   461
           D:6 |       0 |     751 |   0.0 |       0 |      18 |   0.0 |   429
           D:7 |       0 |     943 |   0.0 |       0 |      26 |   0.0 |   369
           D:8 |       0 |     757 |   0.0 |       0 |      24 |   0.0 |   268
           D:9 |       0 |    1521 |   0.0 |       0 |      16 |   0.0 |   194
          D:10 |       0 |    3229 |   0.0 |       0 |      35 |   0.0 |   283
          D:11 |       0 |    1522 |   0.0 |       0 |      10 |   0.0 |   186
          D:12 |       0 |    7849 |   0.0 |       0 |      34 |   0.0 |   372
          D:13 |       0 |    4329 |   0.0 |       0 |      16 |   0.0 |   172
          D:14 |       0 |    6917 |   0.0 |       0 |      21 |   0.0 |   232
          D:15 |       0 |   10470 |   0.0 |       0 |      31 |   0.0 |   358
         Orc:1 |       0 |    4869 |   0.0 |       0 |      24 |   0.0 |   196
         Orc:2 |       0 |    6112 |   0.0 |       0 |      45 |   0.0 |   234
       Ossuary |       0 |     126 |   0.0 |       0 |      33 |   0.0 |   177
               +---------+---------+-------+---------+---------+-------+---------

Table legend:
 A = Turns spent in this place as a percentage of turns spent in the entire game.
 B = Non-inter-level travel turns spent in this place as a percentage of non-inter-level travel turns spent in the entire game.
 C = Inter-level travel turns spent in this place as a percentage of turns spent in this place.
 D = Turns resting spent in this place as a percentage of non-inter-level travel turns spent in this place.
 E = Turns spent auto-exploring this place as a percentage of non-inter-level travel turns spent in this place.
 F = Non-inter-level travel turns spent in this place divided by the number of levels of this place that you've seen.
                   A       B       C       D       E      F
               +-------+-------+-------+-------+-------+----------------------
         Total | 100.0 | 100.0 |   0.3 |   0.0 |   0.0 | 267.7
       Dungeon |  87.7 |  87.7 |   0.4 |   0.0 |   0.0 | 297.3
        Temple |   0.4 |   0.4 |   0.0 |   0.0 |   0.0 |  19.0
  Orcish Mines |   8.4 |   8.5 |   0.0 |   0.0 |   0.0 | 215.0
       Ossuary |   3.5 |   3.5 |   0.0 |   0.0 |   0.0 | 177.0
               +-------+-------+-------+-------+-------+----------------------

Table legend:
 A = Kills in this place as a percentage of kills in entire the game.
 B = Kills by you in this place as a percentage of kills by you in the entire game.
 C = Kills by friends in this place as a percentage of kills by friends in the entire game.
 D = Other kills in this place as a percentage of other kills in the entire game.
 E = Experience gained in this place as a percentage of experience gained in the entire game.
 F = Experience gained in this place divided by the number of levels of this place that you have seen.
                   A       B       C       D       E      F
               +-------+-------+-------+-------+-------+----------------------
         Total | 100.0 | 100.0 | 100.0 |   N/A | 100.0 | 2669.5
       Dungeon |  75.3 |  77.7 |  55.6 |   N/A |  78.1 | 2640.9
  Orcish Mines |  16.7 |  14.4 |  35.6 |   N/A |  21.7 | 5490.5
       Ossuary |   8.0 |   7.9 |   8.9 |   N/A |   0.2 | 126.0
               +-------+-------+-------+-------+-------+----------------------

Vault maps used:
D:1:      dpeg_arrival_three_same_balls, minmay_hexomino_r4
D:2:      kennysheep_slug_shrine, uniq_jessica
D:3:      chequers_ecumenical_altar_simple_redux, first_ration,
          uniq_crazy_yiuf_cottage, uniq_natasha
D:4:      serial_shops, nicolae_shop_trees, nicolae_shop_window_shopping,
          shop_statue
D:5:      elyvilon_altar_1, minmay_temple_entry_mist, uniq_duvessa
D:6:      grunt_dithmenos_smoke_and_mirrors, gammafunk_temple_overflow_elements,
          kennysheep_generic_room_10, uniq_eustachio
D:7:      old_standard_altar, nicolae_ossuary_entry_monument
D:8:      grunt_temple_overflow_open, yredelemnul_forgotten_temple_becter,
          special_room, hex_tiny
D:9:      hangedman_pestilent_swarm, uniq_erolcha
D:10:     david_lair_generic, erik_orc_3
D:11:     serial_shops, kennysheep_mini_moat, uniq_psyche
D:12:     kb_tengu_band
D:13:     erik_vaults_1, uniq_frances, uniq_sonja
D:14:     serial_shops, shop, uniq_nessos
D:15:     hangedman_depths_entry_civil_slaughter, minivault_26
Temple:   eino_temple_lava
Orc:1:    serial_shops, shop, minmay_orc_temple_b
Orc:2:    st_orc_rangers, mines_bat_river, uniq_rupert
Ossuary:  ossuary_tomb_1
